Map: Magannatha LE

Players

mares

  • Race: Protoss Protoss
  • Spawn Location: 5:00

A.I. 1 (Very Easy) - Winner!

  • Race: Protoss Protoss
  • Spawn Location: 11:00

VOD

Have the link to the VOD?

Description

Time

  • Played on: June 8, 2025, 4:50 a.m.
  • Length: 5:05
Show
View Real Time Build Order
Export as new Build Order

mares Protoss 

Build Orders: 1 Gate Expand, Dark Templar Rush 

Get SALT Encoding   

  6  0:00  Probe  
  13  0:12  Probe  
  14  0:17  Pylon  
  14  0:24  Probe  
  15  0:35  Gateway  
  15  0:37  Probe  
  15  0:41  Assimilator  
  16  0:45  Probe  
  17  0:53  Probe  
  17  1:03  Probe  
  19  1:16  Probe  
  20  1:22  Cybernetics Core  
  20  1:33  Nexus  
  20  1:37  Probe  
  21  1:44  Pylon  
  21  1:49  Probe  
  21  1:54  Stalker, Assimilator  
  22  2:01  Probe  
  23  2:02  Warp Gate  
  25  2:13  Probe  
  26  2:20  Stalker  
  26  2:27  Twilight Council  
  28  2:31  Probe  
  29  2:43  Probe  
  30  2:47  Stalker  
  30  2:50  Probe  
  33  2:55  Probe  
  33  2:57  Robotics Facility  
  34  3:02  Probe  
  35  3:07  Probe  
  36  3:13  Pylon  
  36  3:15  Probe  
  36  3:19  Probe  
  38  3:25  Dark Shrine  
  38  3:27  Probe  
  38  3:31  Probe  
  40  3:42  Gateway x2  
  40  3:46  Gateway  
  40  3:51  Warp Prism  
  40  3:52  Assimilator  
  40  3:55  Assimilator  
  42  4:06  Probe x2  
  44  4:18  Probe x2  
  44  4:19  Pylon  
  46  4:32  Probe x2  
  48  4:41  Dark Templar  
  48  4:42  Dark Templar x3  
  56  4:51  Probe  
  56  4:52  Probe  
Show
View Real Time Build Order
Export as new Build Order

A.I. 1 (Very Easy) Protoss - Winner!

Build Orders: 1 Gate Expand, Nexus First 

Get SALT Encoding   

  6  0:00  Probe  
  13  0:13  Probe  
  14  0:18  Pylon  
  14  0:42  Gateway  
  14  1:00  Nexus  
  14  1:18  Pylon  
  14  1:20  Zealot  
  14  1:23  Assimilator  
  16  1:36  Cybernetics Core  
  16  1:37  Probe  
  17  1:49  Probe  
  18  1:57  Assimilator  
  18  1:59  Probe  
  18  2:07  Probe  
  19  2:12  Stalker  
  19  2:13  Probe  
  22  2:16  Warp Gate  
  22  2:20  Probe  
  23  2:26  Probe  
  25  2:37  Probe  
  26  2:52  Probe  
  26  2:53  Assimilator  
  26  2:56  Pylon  
  27  2:59  Probe  
  28  3:07  Probe  
  28  3:08  Robotics Facility  
  29  3:13  Probe  
  30  3:21  Probe  
  30  3:24  Probe  
  31  3:30  Zealot  
  34  3:35  Probe  
  35  3:42  Probe  
  36  3:50  Probe  
  36  3:55  Observer  
  38  3:57  Probe  
  39  4:04  Probe  
  39  4:09  Assimilator  
  40  4:11  Probe  
  40  4:12  Observer  
  40  4:15  Probe  
  43  4:25  Probe  
  43  4:29  Probe  
  44  4:37  Pylon  
  45  4:40  Probe  
  45  4:45  Sentry  
  48  4:47  Probe  
Tags
 
Add a new tag
Caveats
  • Supply blocks, unpowered buildings, or Contaminate may cause inaccurate times.
  • Supply counts are checked every 10 seconds.